cohdb
Replays
Latest Replays
All Replays
Popular Replays
Top Player Replays
Match Explorer
How It Works
Community
CoH3 Stats
Reddit
Sign in to upload your games and track your stats! →
Sign in with Steam
Match 41438895
Unlisted
Match 41438895
Overview
Messages
Build Orders
End
Construct Weapon Support Center
Engineer Squad
M1919 Machine Gun Team
M1919 Machine Gun Team
Mortar Pit
Engineer Squad
Mechanized Support Center
Selects Heavy Weapons
Selects Assault Carriers
M3 Assault Carrier
M3 Assault Carrier
M3 Assault Carrier
Selects M2HB .50cal Heavy Machine Gun
.30 cal Machine Gun
Construct Tank Depot
Designate Forward Repair Station
M4A1 Sherman Medium Tank
Construct Barracks
M4A1 Sherman Medium Tank
Improvised Armor
Selects Exchangeable Parts
Salvage Crew
Engineer Squad
Riflemen Squad
Grenade Package
M4A1 76mm Conversion
Rangefinder
sebedoroje
tillre
Napy
Yosugami
Aprosarmosto
0
0
Comments
sign in to comment!
No comments posted yet!